 Dungeon Crawl Stone Soup version 0.28-a0-381-g937acc2988 (webtiles) character file.

Game seed: 4097703649192475953

88 jdzakarian the Poker (level 4, -10/35 (37) HPs)
             Began as a Human Berserker on Sept 1, 2021.
             Was a Believer of Trog.
             Mangled by Crazy Yiuf (12 damage)
             ... on level 2 of the Dungeon on Sept 2, 2021.
             The game lasted 00:08:55 (1819 turns).

jdzakarian the Poker (Human Berserker)              Turns: 1819, Time: 00:08:56

HP:   -10/35 (37)   AC:  5    Str: 18    XL:     4   Next: 82%
MP:   4/4           EV: 11    Int:  7    God:    Trog [**....]
Gold: 93            SH:  0    Dex: 13    Spells: 3/3 levels left

rFire   . . .      SeeInvis .   d - +4 dagger (speed)
rCold   . . .      Faith    .   (no shield)
rNeg    . . .      Spirit   .   e - +0 ring mail
rPois   .          Reflect  .   (no helmet)
rElec   .          Harm     .   (no cloak)
rCorr   .          Rampage  .   (no gloves)
Will    .....                   (no boots)
Stlth   +.........              (no amulet)
HPRegen 0.11/turn               (no ring)
MPRegen 0.09/turn               (no ring)

@: drained
A: no striking features
a: Renounce Religion, Berserk, Trog's Hand


You were on level 2 of the Dungeon.
You worshipped Trog.
Trog was pleased with you.
You visited 1 branch of the dungeon, and saw 2 of its levels.

You collected 93 gold pieces.

Inventory:

Hand Weapons
 a - a +0 spear
 d - a +4 dagger of speed (weapon)
 g - a +0 hunting sling
Missiles
 h - 58 stones (quivered)
Armour
 e - a +0 ring mail (worn)
Scrolls
 b - 2 scrolls of amnesia
 c - a scroll of magic mapping
 j - a scroll of enchant armour


   Skills:
 + Level 3.6 Fighting
 + Level 4.0 Polearms
 + Level 2.5 Armour
 + Level 2.5 Dodging


You had 3 spell levels left.
You didn't know any spells.
Your spell library contained the following spells:

 Spells                   Type           Power      Damage    Failure   Level
 Shock                    Conj/Air       0%         1d3       63%         1
 Sting                    Tmut/Pois      0%         1d3       63%         1
 Poisonous Vapours        Pois/Air       0%         N/A       77%         2
 Gell's Gravitas          Tloc           0%         N/A       94%         3
 Swiftness                Air            0%         N/A       94%         3
 Teleport Other           Tloc           0%         N/A       94%         3
 Airstrike                Air            0%         N/A       100%        4
 Olgreb's Toxic Radiance  Pois           0%         N/A       100%        4
 Dispersal                Tloc           0%         N/A       100%        6


Dungeon Overview and Level Annotations

Branches:
Dungeon (2/15)

Altars:

Annotations:
D:2 Crazy Yiuf


Message History

Throw: 60 stones
Press: ? - help, Q - select action, (/) - cycle Shift-Dir - straight line, f - Crazy Yiuf
Aim: Crazy Yiuf, wielding a +4 quarterstaff of chaos, wearing a +2 cloak and carrying a wand of flame (19) (61% to hit)
You throw a stone.
The stone hits Crazy Yiuf but does no damage.
Throw: 59 stones
Press: ? - help, Q - select action, (/) - cycle Shift-Dir - straight line, f/p - Crazy Yiuf
Aim: Crazy Yiuf, wielding a +4 quarterstaff of chaos, wearing a +2 cloak and carrying a wand of flame (19) (61% to hit)
You throw a stone. The stone barely misses Crazy Yiuf.
You puncture Crazy Yiuf!
Crazy Yiuf is moderately wounded.
Crazy Yiuf hits you with a +4 quarterstaff of chaos!
You hit Crazy Yiuf.
Crazy Yiuf is heavily wounded.
You hit Crazy Yiuf but do no damage.
Crazy Yiuf is heavily wounded.
Crazy Yiuf hits you with a +4 quarterstaff of chaos.
Crazy Yiuf burns you.
You hit Crazy Yiuf.
Crazy Yiuf is severely wounded.
Crazy Yiuf cries, "Goober alas head!"
Crazy Yiuf hits you with a +4 quarterstaff of chaos.
* * * LOW HITPOINT WARNING * * *
You feel drained.
* * * LOW HITPOINT WARNING * * *
Unknown command.
You feel better.
Crazy Yiuf zaps a wand.
The puff of flame hits you.
You hit Crazy Yiuf but do no damage.
Crazy Yiuf is severely wounded.
You hit Crazy Yiuf.
Crazy Yiuf is severely wounded.
Crazy Yiuf yells, "Hack unthinkable poople!"
Crazy Yiuf zaps a wand.
The puff of flame hits you!
* * * LOW HITPOINT WARNING * * *
As you read the scroll labelled ZUMOGE ZIHUO, it crumbles to dust.
It is a scroll of identify.
j - a scroll of enchant armour Crazy Yiuf flaps his cloak.
Crazy Yiuf hits you with a +4 quarterstaff of chaos!
You die...

#.# ####...........#
#.# ##..........# ###
###.^###.### #..###÷#
#......# ###
♣♣##..##..# #)(.#♣♣
♣♣P.#...#..##
#..('g♣♣♣♣PP.........#
#...#♣@.♣............##
### ♣♣♣.♣.P.#.........
♣♣♣♣♣##.......##
#.......#. ###
###.......#. #.#
#........... #.#
#.###....### #.#
#.##.(...... #.#
##.##........


You could see Crazy Yiuf.

Vanquished Creatures
  Jessica (D:2)
  2 adders (D:2)
  A gnoll (D:1)
  A dart slug (D:2)
  2 bats (D:1)
  An endoplasm (D:1)
  A giant cockroach (D:1)
  2 goblins (D:1)
  2 hobgoblins
  5 kobolds
  A quokka (D:2)
  8 ball pythons
  4 frilled lizards (D:1)
  4 rats
35 creatures vanquished.

Notes
Turn   | Place    | Note
-------+----------+-------------------------------------------
     0 | D:1      | jdzakarian the Human Berserker began the quest for the Orb.
     0 | D:1      | Reached XP level 1. HP: 18/18 MP: 1/1
    22 | D:1      | Reached XP level 2. HP: 13/24 MP: 2/2
   493 | D:1      | Reached XP level 3. HP: 25/29 MP: 3/3
   784 | D:1      | Found a faded altar of an unknown god.
  1152 | D:2      | Found a runed translucent door.
  1153 | D:2      | Noticed Crazy Yiuf
  1194 | D:2      | Reached XP level 4. HP: 31/36 MP: 4/4
  1445 | D:2      | Reached ** piety under Trog
  1565 | D:2      | Noticed Jessica
  1572 | D:2      | Killed Jessica
  1573 | D:2      | Reached skill level 4 in Polearms
  1819 | D:2      | Mangled by Crazy Yiuf

Illustrated notes

Levels and vault maps discovered:
D:1:      dpeg_arrival_rhombus, layout_loops_ring,
          chequers_ecumenical_altar_island, minmay_tromino_v4_c
D:2:      layout_rooms, uniq_crazy_yiuf_cottage, uniq_jessica

Skill      XL: |  1  2  3  4 |
---------------+-------------+-----
Polearms       | 4 |  4.0
Fighting       | |  3.6
Armour         | |  2.5
Dodging        | |  2.5

Action                   |  1- 3 |  4- 6 || total
-------------------------+-------+-------++-------
Melee: Spear             |    88 |    20 ||   108
       Dagger            |       |     6 ||     6
Throw: Stone             |       |     2 ||     2
  Use: Scroll            |     3 |     2 ||     5
       Potion            |     1 |     2 ||     3
Armor: Animal skin       |     5 |       ||     5
       Ring mail         |    13 |     4 ||    17
Dodge: Dodged            |    48 |    13 ||    61

Table legend: (Time is in decaauts)
 A = Elapsed time spent in this place.
 B = Non-inter-level travel time spent in this place.
 C = Inter-level travel time spent in this place.
 D = Time resting spent in this place.
 E = Time spent auto-exploring this place.
 F = Levels seen in this place.
 G = Mean time per level.
                   A        B        C        D        E       F      G
               +--------+--------+--------+--------+--------+-----+--------+
         Total |   1809 |   1809 |      0 |    208 |   1061 |   2 |  904.5 |
       Dungeon |   1809 |   1809 |      0 |    208 |   1061 |   2 |  904.5 |
               +--------+--------+--------+--------+--------+-----+--------+

Top non-repeatable levels by time:
     D:1: 1059 daAuts
     D:2: 749 daAuts
